 Dungeon Crawl Stone Soup version 0.30-a0-1114-gd936c97349 (webtiles) character file.

Game seed: 18098674714657861946

707 lunkers the Cruncher (level 8, -4/62 HPs)
             Began as a Meteoran Wanderer on Apr 20, 2023.
             Was a Follower of Hepliaklqana.
             Slain by a gnoll bouda
             ... wielding a +0 club
              (8 damage)
             ... on level 6 of the Dungeon.
             The game lasted 00:04:44 (1664 turns).

lunkers the Cruncher (Meteoran Wanderer)            Turns: 1664, Time: 00:04:45

Health: -4/62      AC:  6    Str: 19    XL:     8   Next: 19%
Magic:  19/19      EV: 10    Int: 13    God:    Hepliaklqana [*.....]
Gold:   165        SH:  5    Dex: 11    Spells: 7/7 levels left

rFire   . . .      SeeInvis .    a - +4 quarterstaff
rCold   . . .      Faith    .    (shield currently unavailable)
rNeg    . . .      Spirit   .    m - +0 ring mail {Will+}
rPois   .          Reflect  +    (no helmet)
rElec   .          Rampage  .    (no cloak)
rCorr   +                        (no gloves)
Will    ++...                    s - +0 pair of boots
Stlth   +                        l - amulet of reflection
HPRegen 0.30/turn                u - ring of magical power
MPRegen 0.16/turn                d - ring of resist corrosion

@: glowing
A: reduced essence, sense surroundings 1, otherworldly, glowing, explore regen
a: Renounce Religion, Recall Ancestor, Ancestor Identity


You were on level 6 of the Dungeon.
You worshipped Hepliaklqana.
Hepliaklqana was aware of your devotion.
You visited 1 branch of the dungeon, and saw 6 of its levels.

You collected 165 gold pieces.

Inventory:

Hand Weapons
 a - a +4 quarterstaff (weapon)
 b - a +0 mace
 f - a +2 vampiric dagger
Missiles
 r - 2 datura-tipped darts
Armour
 m - a +0 ring mail of willpower (worn)
 s - a +0 pair of boots (worn)
Magical Staves
 g - a staff of cold
Jewellery
 d - a ring of resist corrosion (right hand)
 l - an amulet of reflection (around neck)
 u - a ring of magical power (left hand)
Wands
 i - a wand of light (4)
 t - a wand of iceblast (4)
Scrolls
 c - a scroll of silence
 e - 4 scrolls of poison
Potions
 h - a potion of curing
 j - a potion of mutation {unknown}
 k - a potion of might {unknown}
 p - 2 potions of heal wounds {unknown}
 q - 2 potions of attraction


   Skills:
 - Level 5.4 Fighting
 - Level 2.6(6.7) Maces & Flails
 + Level 8.8(9.0) Staves
 - Level 1.0 Stealth
 - Level 2.0 Invocations
 + Level 4.1 Evocations


You had 7 spell levels left.
You didn't know any spells.
Your spell library contained the following spells:

 Spells                   Type           Power      Damage    Failure   Level
 Ensorcelled Hibernation  Hex/Ice        0%         N/A       63%         2
 Gell's Gravitas          Tloc           0%         N/A       85%         3
 Spider Form              Tmut/Pois      0%         N/A       85%         3
 Teleport Other           Tloc           0%         N/A       85%         3
 Anguish                  Hex/Necr       0%         N/A       99%         4
 Dispersal                Tloc           0%         N/A       100%        6


Dungeon Overview and Level Annotations

Branches:
Dungeon (6/15) Zot: 1942   Temple (0/1) D:5

Altars:
Hepliaklqana
Ru
Xom

Shops:
D:1 =   D:4 (

Annotations:
D:5 2 runed translucent doors


Innate Abilities, Weirdness & Mutations

Your life essence is reduced to manifest your ancestor. (-10% HP)
You passively map a small area around you.
You are easily found by Zot.
You glow in the dark.
You regain HP and MP as you explore.


Message History

The gnoll bouda is moderately wounded.
The gnoll bouda is blinded.
The gnoll hits you from afar with a +0 halberd!
* * * LOW HITPOINT WARNING * * *
Unknown command.
Unknown command.
The gnoll hits you with a +0 halberd.
* * * LOW HITPOINT WARNING * * *
The gnoll bouda barely misses you.
Things that are here:
a +0 whip; a gnoll corpse You barely miss the gnoll.
The gnoll is almost dead.
The gnoll misses you.
You closely miss the gnoll.
The gnoll is almost dead.
The gnoll misses you.
You barely miss the gnoll.
The gnoll is almost dead.
The gnoll barely misses you. The gnoll bouda barely misses you.
You closely miss the gnoll.
The gnoll is almost dead.
You hit the gnoll.
You kill the gnoll!
The gnoll bouda hits you but does no damage.
You catch the helpless gnoll bouda completely off-guard!
You hit the gnoll bouda.
The gnoll bouda is heavily wounded.
You block the gnoll bouda's attack.
You hit the gnoll bouda.
The gnoll bouda is heavily wounded.
The gnoll bouda hits you with a +0 club.
* * * LOW HITPOINT WARNING * * *
You closely miss the gnoll bouda.
The gnoll bouda is heavily wounded.
The gnoll bouda misses you.
You hit the gnoll bouda but do no damage.
The gnoll bouda is heavily wounded.
The gnoll bouda hits you with a +0 club!
You die...

##. * ,#. #. , #... *
,# #. ##... * *, ##
###+#...# * #
#...#...# # #
#...#...###########.#
* *
#...........#..#...
#.<.........#..#.##,
* #.....#..#..#.).@g#
#.....#.#.#.##)#..#,*
#.#
#####..#...#.)....# *
#.# #†#.....#.#####,
#.# #.#.~~~.#..., #.#
#.#~...~#.###* #.#
#.#~._.~#.# #.#
#.#~...~#.# #.#######
#.#.~~~.#.#
#.......##


You could see a gnoll bouda (blind).

Vanquished Creatures
  An ogre (D:5)
  A phantom (D:6)
  A bullfrog (D:6)
  A scorpion (D:6)
  2 hounds
  2 orc priests (D:4)
  2 iguanas (D:5)
  3 orc wizards (D:5)
  Terence (D:3)
  6 gnolls
  6 adders
  A worm (D:5)
  A dart slug (D:4)
  9 orcs
  3 ball pythons
  A bat (D:3)
  3 endoplasms
  4 giant cockroaches
  4 hobgoblins
  3 kobolds
  3 quokkas
  2 frilled lizards (D:1)
  3 goblins
  3 rats
66 creatures vanquished.

Notes
Turn   | Place    | Note
-------+----------+-------------------------------------------
     0 | D:1      | lunkers the Meteoran Wanderer began the quest for the Orb.
     0 | D:1      | lunkers set off with the following items: a +3
                  | quarterstaff, a +0 mace, a scroll of silence, a +0 leather
                  | armour.
     0 | D:1      | Reached XP level 1. HP: 23/23 MP: 2/2
    67 | D:1      | Reached skill level 3 in Staves
    67 | D:1      | Reached XP level 2. HP: 29/29 MP: 3/3
   300 | D:1      | Found Xiklyuf's Jewellery Shop.
   349 | D:2      | Reached XP level 3. HP: 36/36 MP: 4/4
   511 | D:2      | Reached skill level 4 in Staves
   601 | D:3      | Reached XP level 4. HP: 39/42 MP: 5/5
   632 | D:3      | Noticed Terence
   651 | D:3      | Killed Terence
   652 | D:3      | Reached skill level 5 in Staves
   668 | D:3      | Found a hazy altar of Hepliaklqana.
   669 | D:3      | Found a shimmering altar of Xom.
   670 | D:3      | Noticed a spectral ugly thing
   674 | D:3      | Became a worshipper of Hepliaklqana the Forgotten
   972 | D:4      | Reached XP level 5. HP: 48/48 MP: 6/6
  1023 | D:4      | Found Ifuimumom's Weapon Shoppe.
  1041 | D:4      | Reached skill level 6 in Staves
  1105 | D:4      | Reached * piety under Hepliaklqana
  1192 | D:4      | Reached XP level 6. HP: 33/50 MP: 7/7
  1195 | D:5      | Entered Level 5 of the Dungeon
  1213 | D:5      | Reached skill level 7 in Staves
  1354 | D:5      | Found a staircase to the Ecumenical Temple.
  1376 | D:5      | Reached skill level 1 in Invocations
  1376 | D:5      | Reached skill level 1 in Evocations
  1376 | D:5      | Reached XP level 7. HP: 16/54 MP: 9/9
  1400 | D:5      | Reached skill level 8 in Staves
  1447 | D:5      | Found a runed translucent door.
  1449 | D:5      | Found a runed translucent door.
  1590 | D:6      | Found a sacrificial altar of Ru.
  1624 | D:6      | Reached XP level 8. HP: 21/62 MP: 10/10
  1653 | D:6      | HP: 3/62 [gnoll/+0 halberd[a gnoll bouda] (2)]
  1662 | D:6      | HP: 3/62 [gnoll bouda/+0 club (3)]
  1664 | D:6      | Slain by a gnoll bouda

Illustrated notes

Levels and vault maps discovered:
D:1:      dpeg_arrival_refuge, layout_basic, serial_shops,
          nicolae_shop_gaudy_bauble
D:2:      layout_rooms
D:3:      layout_rooms, regret_index_temple_of_mockery, uniq_terence
D:4:      layout_gridville, mainiacjoe_overflow_tiny_flanked, serial_shops,
          shop, minmay_starry_boxes, uniq_blork_the_orc
D:5:      lemuel_insect_pit, layout_cave_pools, nicolae_ashenzari_panopticon,
          vehumet_statue, minmay_temple_entry_sparse_star,
          uniq_crazy_yiuf_cottage
D:6:      layout_basic, nicolae_ru_awakened_eye, serial_curves, eino_curves_01,
          eino_curves_01

Skill      XL: |  1  2  3  4  5  6  7  8 |
---------------+-------------------------+-----
Staves         | 3 4 5 6 7 8 |  8.8
Invocations    | 1 2 |  2.0
Evocations     | 1 3 4 |  4.1
Fighting       | |  5.4
Maces & Flails | |  2.6
Stealth        | |  1.0

Action                     |  1- 3 |  4- 6 |  7- 9 || total
---------------------------+-------+-------+-------++-------
  Melee: Quarterstaff      |    47 |    81 |    55 ||   183
  Evoke: Wand              |       |     6 |     2 ||     8
    Use: Scroll            |       |     6 |       ||     6
   Stab: Invisible         |       |       |     1 ||     1
 Armour: Leather armour    |     8 |       |       ||     8
         Ring mail         |     3 |    28 |    12 ||    43
  Dodge: Dodged            |    16 |    30 |    16 ||    62
  Block: Other             |       |    21 |     6 ||    27

Table legend: (Time is in decaauts)
 A = Elapsed time spent in this place.
 B = Non-inter-level travel time spent in this place.
 C = Inter-level travel time spent in this place.
 D = Time resting spent in this place.
 E = Time spent auto-exploring this place.
 F = Levels seen in this place.
 G = Mean time per level.
                   A        B        C        D        E       F      G
               +--------+--------+--------+--------+--------+-----+--------+
         Total |   1656 |   1608 |     48 |      0 |   1047 |   6 |  276.0 |
       Dungeon |   1656 |   1608 |     48 |      0 |   1047 |   6 |  276.0 |
               +--------+--------+--------+--------+--------+-----+--------+

Top non-repeatable levels by time:
     D:4: 368 daAuts
     D:1: 330 daAuts
     D:5: 299 daAuts
     D:2: 253 daAuts
     D:3: 247 daAuts
     D:6: 158 daAuts
